 Dungeon Crawl Stone Soup version 0.27-a0-686-gaed091b46b (webtiles) character file.

Game seed: 16565828632566335365

23 sizableburger the Shooter (level 2, -3/23 HPs)
             Began as a Mummy Hunter on Mar 20, 2021.
             Killed from afar by a dart slug (6 damage)
             ... with a slug dart
             ... on level 1 of the Dungeon.
             The game lasted 00:01:55 (605 turns).

sizableburger the Shooter (Mummy Hunter)             Turns: 605, Time: 00:01:55

Health: -3/23      AC:  5    Str: 15    XL:     2   Next: 72%
Magic:  2/2        EV: 11    Int: 10    God:
Gold:   27         SH:  0    Dex: 12    Spells: 1/1 levels left

rFire    x . .     SeeInvis .   g - +0 dagger
rCold    + . .     Faith    .   (no shield)
rNeg     + + +     Spirit   .   c - +0 leather armour
rPois    ∞         Reflect  .   b - +0 helmet
rElec    .         Harm     .   (no cloak)
rCorr    .         Rampage  .   f - +0 pair of gloves
Will     .....                  (no boots)
Stlth    +.........             (no amulet)
HPRegen  0.07/turn              (no ring)
MPRegen  0.08/turn              (no ring)

@: no status effects
A: cold resistance 1, negative energy resistance 3, torment resistance 2,
unbreathing 1, heat vulnerability 1, no potions
a: no special abilities


You were on level 1 of the Dungeon.
You visited 1 branch of the dungeon, and saw 1 of its levels.

You collected 27 gold pieces.

Inventory:

Hand Weapons
 a - a +1 shortbow
 g - a +0 dagger (weapon)
Missiles
 d - 13 arrows
Armour
 b - a +0 helmet (worn)
 c - a +0 leather armour (worn)
 f - a +0 pair of gloves (worn)
Scrolls
 e - a scroll of blinking {unknown}


   Skills:
 + Level 2.5 Fighting
 + Level 3.5 Bows
 + Level 2.0 Dodging
 - Level 0.7 Stealth


You had one spell level left.
You didn't know any spells.
Your spell library was empty.

Dungeon Overview and Level Annotations

Branches:
Dungeon (1/15)

Altars:


Innate Abilities, Weirdness & Mutations

You are immune to poison.
Your flesh is cold resistant. (rC+)
You are immune to negative energy. (rN+++)
You are immune to unholy pain and torment.
You can survive without breathing.
You are vulnerable to heat. (rF-)
You do not drink.


Message History

The frilled lizard bites you but does no damage.
The kobold hits you but does no damage.
Fire: 13 arrows
Press: ? - help, Q - select action Shift-Dir - straight line, f/p - kobold
Aim: a kobold, wielding a +0 dagger (heavily wounded, 53% to hit)
You shoot an arrow. The arrow hits the kobold.
The kobold is severely wounded.
The frilled lizard barely misses you. The kobold hits you with a +0 dagger.
* * * LOW HITPOINT WARNING * * *
Fire: 12 arrows
Press: ? - help, Q - select action Shift-Dir - straight line, f/p - kobold
Aim: a kobold, wielding a +0 dagger (severely wounded, 53% to hit)
You shoot an arrow. The arrow closely misses the kobold.
The frilled lizard bites you.
* * * LOW HITPOINT WARNING * * *
The kobold barely misses you.
Fire: 11 arrows
Press: ? - help, Q - select action Shift-Dir - straight line, f/p - kobold
Aim: a kobold, wielding a +0 dagger (severely wounded, 53% to hit)
You shoot an arrow. The arrow hits the kobold!
You kill the kobold!
The frilled lizard barely misses you.
Things that are here:
a +0 dagger; 3 arrows Fire: 10 arrows
Press: ? - help, Q - select action Shift-Dir - straight line, f - frilled lizard
Aim: a frilled lizard (42% to hit)
You shoot an arrow. The arrow hits the frilled lizard.
You kill the frilled lizard!
Unknown command.
d - 10 arrows (gained 1)
You see here a frilled lizard corpse.
d - 13 arrows (gained 3)
You see here a +0 dagger.
g - a +0 dagger (weapon)
You start resting.
A dart slug comes into view.
The dart slug launches a dart at you. The slug dart hits you.
You die...

#.........#### ##
########...### #....#
###...# #....# ###.#
#....# #.### #....###
#...#### ###
#......#######....#...#
#.....(....()†.w..†...#
#....###@...#####.#...#
#....#
####..............
#....# #########..####
###### .... ###)


You could see a dart slug.

Vanquished Creatures
  A dart slug (D:1)
  4 leopard geckos (D:1)
  A bat (D:1)
  2 goblins (D:1)
  2 hobgoblins (D:1)
  2 kobolds (D:1)
  A quokka (D:1)
  A frilled lizard (D:1)
14 creatures vanquished.

Notes
Turn   | Place    | Note
-------+----------+-------------------------------------------
     0 | D:1      | sizableburger the Mummy Hunter began the quest for the Orb.
     0 | D:1      | Reached XP level 1. HP: 16/16 MP: 1/1
   333 | D:1      | Reached XP level 2. HP: 18/22 MP: 2/2
   605 | D:1      | Killed from afar by a dart slug

Illustrated notes

Levels and vault maps discovered:
D:1:      lemuel_arrival_cross, layout_rooms, minmay_cut_off

Skill      XL: |  1  2 |
---------------+-------+-----
Dodging        | 2 |  2.0
Fighting       | |  2.5
Bows           | |  3.5
Stealth        | |  0.7

Action                   || total
-------------------------++-------
Melee: Short sword       ||    15
       Dagger            ||    11
 Fire: Shortbow          ||    22
Armor: Leather armour    ||    12
Dodge: Dodged            ||    31

Table legend: (Time is in decaauts)
 A = Elapsed time spent in this place.
 B = Non-inter-level travel time spent in this place.
 C = Inter-level travel time spent in this place.
 D = Time resting spent in this place.
 E = Time spent auto-exploring this place.
 F = Levels seen in this place.
 G = Mean time per level.
                   A        B        C        D        E       F      G
               +--------+--------+--------+--------+--------+-----+--------+
         Total |    605 |    605 |      0 |    361 |     98 |   1 |  605.0 |
       Dungeon |    605 |    605 |      0 |    361 |     98 |   1 |  605.0 |
               +--------+--------+--------+--------+--------+-----+--------+

Top non-repeatable levels by time:
     D:1: 605 daAuts
